 Dungeon Crawl Stone Soup version 0.24.0-123-gd5b16e6ec5 (webtiles) character file.

Game seed: 783592237026606068, levelgen mode: deterministic

30 FluffierThanThou the Skirmisher (level 3, -4/33 HPs)
             Began as a Minotaur Fighter on Jan 14, 2020.
             Slain by a gnoll
             ... wielding a +0 halberd
              (6 damage)
             ... on level 2 of the Dungeon.
             The game lasted 00:01:43 (841 turns).

FluffierThanThou the Skirmisher (Minotaur Fighter)   Turns: 841, Time: 00:01:43

Health: -4/33      AC:  7    Str: 26    XL:     3   Next: 3%
Magic:  2/2        EV:  7    Int:  5    God:
Gold:   81         SH: 10    Dex:  9    Spells: 2/2 levels left

rFire    . . .     SeeInvis .   a - +0 war axe
rCold    . . .     Gourm    .   c - +0 shield
rNeg     . . .     Faith    .   b - +0 scale mail
rPois    .         Spirit   .   (helmet restricted)
rElec    .         Reflect  .   (no cloak)
rCorr    .         Harm     .   (no gloves)
MR       .....                  (no boots)
Stlth    ..........             (no amulet)
HPRegen  0.11/turn              (no ring)
MPRegen  0.08/turn              (no ring)

@: mighty
A: retaliatory headbutt, horns 2
a: no special abilities


You were on level 2 of the Dungeon.
You were not hungry.

You visited 1 branch of the dungeon, and saw 2 of its levels.

You collected 81 gold pieces.

Inventory:

Hand Weapons
 a - a +0 war axe (weapon)
Armour
 b - a +0 scale mail (worn)
 c - a +0 shield (worn)
Scrolls
 g - a scroll of teleportation {unknown}
 h - 2 scrolls of immolation {unknown}
 j - a scroll of magic mapping {unknown}
 m - a scroll of identify {unknown}
 n - a scroll of fog {unknown}
Potions
 i - 2 potions of curing {unknown}
 k - a potion of agility {unknown}
 l - 2 potions of flight {unknown}
Comestibles
 e - 3 rations {!d}
 f - 2 chunks of flesh


   Skills:
 * Level 4.1 Fighting
 * Level 3.2 Axes
 + Level 3.9 Armour
 + Level 3.9 Shields


You had 2 spell levels left.
You didn't know any spells.
Your spell library was empty.

Dungeon Overview and Level Annotations

Branches:
Dungeon (2/15)

Altars:


Innate Abilities, Weirdness & Mutations

You reflexively headbutt those who attack you in melee.
You have a pair of horns on your head.


Message History

You see here a +0 club.
Done exploring.
Done exploring.
(D) Dungeon
Where to? (? - help)
You see here a glowing dagger.
There is a stone staircase leading down here.
You climb downwards.
A gnoll comes into view.
The gnoll shouts!
There is a stone staircase leading up here.
A gnoll comes into view. It is wielding a +0 halberd.
A gnoll comes into view. It is wielding a +0 spear.
The gnoll shouts! x2
You block the gnoll's attack.
Your shield and scale mail prevent you from hitting the gnoll.
Your headbutt misses the gnoll. You block the gnoll's attack.
You closely miss the gnoll. You headbutt the gnoll.
The gnoll barely misses you.
The gnoll hits you from afar with a +0 halberd!
The gnoll hits you but does no damage.
You slash the gnoll!
You kill the gnoll!
You have reached level 3!
Your experience leads to an increase in your attributes!
Increase (S)trength, (I)ntelligence, or (D)exterity?
You feel stronger. The gnoll barely misses you.
You block the gnoll's attack. x2
The gnoll completely misses you.
Your shield and scale mail prevent you from hitting the gnoll.
Your headbutt misses the gnoll. You closely miss the gnoll.
The gnoll hits you with a +0 halberd. You block the gnoll's attack.
The gnoll hits you but does no damage.
You closely miss the gnoll. x2; The gnoll hits you but does no damage. x2
You block the gnoll's attack.
Your shield prevents you from hitting the gnoll.
You hit the gnoll but do no damage. The gnoll hits you with a +0 spear.
* * * LOW HITPOINT WARNING * * *
You block the gnoll's attack.
You closely miss the gnoll. Your headbutt misses the gnoll.
You barely miss the gnoll. You block the gnoll's attack. x2
The gnoll completely misses you. You furiously retaliate!
You headbutt the gnoll! You completely miss the gnoll. You slash the gnoll!
The gnoll hits you with a +0 halberd!
* * * LOW HITPOINT WARNING * * *
The gnoll hits you but does no damage.
You feel very mighty all of a sudden. The gnoll hits you with a +0 halberd.
You die...

..######.
.........
.........
........#
........##
#%......
#$...gg#
#.....@#
##......#
....)...#
##......#
#.....<#
#......#
########


You could see 2 gnolls.

Vanquished Creatures
  A gnoll (D:2)
  4 bats (D:1)
  2 giant cockroaches (D:1)
  2 hobgoblins (D:1)
  A frilled lizard (D:1)
  7 kobolds (D:1)
  4 rats (D:1)
21 creatures vanquished.

Notes
Turn   | Place    | Note
-------+----------+-------------------------------------------
     0 | D:1      | FluffierThanThou the Minotaur Fighter began the quest for
                  | the Orb.
     0 | D:1      | Reached XP level 1. HP: 19/19 MP: 0/0
   226 | D:1      | Reached XP level 2. HP: 27/27 MP: 1/1
   451 | D:1      | Reached skill level 4 in Fighting
   834 | D:2      | Reached XP level 3. HP: 20/33 MP: 2/2
   840 | D:2      | HP: 1/33 [gnoll/+0 halberd (12)]
   841 | D:2      | Slain by a gnoll

Levels and vault maps discovered:
D:1:      erik_arrival_triangle_large, layout_basic
D:2:      layout_basic, minivault_26, fedhas_ov_isle_minmay

Skill      XL: |  1  2 |
---------------+-------+-----
Fighting       | 4 |  4.1
Axes           | 3 |  3.2
Armour         | |  3.9
Shields        | |  3.9

Action                   || total
-------------------------++-------
Melee: War axe           ||    59
       Headbutt          ||     6
  Use: Potion            ||     1
Armor: Scale mail        ||    19
Dodge: Dodged            ||    29
Block: Shield            ||    45
